 Dungeon Crawl Stone Soup version 0.25.0-11-g1f837a76a1 (console) character file.

Game seed: 6317921325476485628

88 bli the Ruffian (level 4, -3/35 HPs)
             Began as a Draconian Transmuter on June 28, 2020.
             Slain by a worker ant (5 damage)
             ... on level 2 of the Dungeon.
             The game lasted 00:08:55 (2682 turns).

bli the Ruffian (Draconian Transmuter)              Turns: 2682, Time: 00:08:56

Health: -3/35      AC:  5    Str: 13    XL:     4   Next: 30%
Magic:  8/8        EV: 12    Int: 13    God:
Gold:   183        SH:  0    Dex: 12    Spells: 2/8 levels left

rFire    . . .     SeeInvis .   h - +2 dagger (drain)
rCold    . . .     Gourm    .   (no shield)
rNeg     . . .     Faith    .   (armour unavailable)
rPois    .         Spirit   .   (helmet restricted)
rElec    .         Reflect  .   (no cloak)
rCorr    .         Harm     .   (no gloves)
MR       .....                  (no boots)
Stlth    +.........             (no amulet)
HPRegen  0.11/turn              f - ring of attention (curse)
MPRegen  0.11/turn              o - ring of stealth

@: lethally poisoned (-3 -> -13), lightly drained
A: unfitting armour, cold-blooded, AC +5
a: no special abilities


You were on level 2 of the Dungeon.
You were not hungry.

You visited 1 branch of the dungeon, and saw 3 of its levels.

You collected 183 gold pieces.

Inventory:

Hand Weapons
 h - a +2 dagger of draining (weapon)
 j - a +1 whip of pain
 m - a +1 dagger of venom
 r - a cursed -1 mace
Missiles
 a - 56 arrows
 d - 6 poisoned darts (quivered)
 i - 115 stones
Jewellery
 f - a cursed ring of attention (left hand)
 o - a ring of stealth (right hand)
 t - a +6 ring of dexterity
Scrolls
 b - 2 scrolls of immolation {unknown}
 e - a scroll of teleportation {unknown}
 k - a scroll of enchant weapon {unknown}
 l - a scroll of identify {unknown}
 s - a scroll of remove curse {unknown}
Potions
 g - 4 potions of curing {unknown}
 n - 2 potions of ambrosia {unknown}
 q - a potion of heal wounds {unknown}
 u - a potion of magic {unknown}
Comestibles
 c - 6 rations


   Skills:
 + Level 1.3(0.9) Fighting
 + Level 2.3(1.9) Dodging
 + Level 4.3(3.9) Unarmed Combat
 + Level 2.7(2.3) Spellcasting
 - Level 2.0(1.6) Transmutations


You had 2 spell levels left.
You knew the following spells:

 Your Spells              Type           Power        Failure   Level  Hunger
a - Beastly Appendage     Tmut           #.....       12%         1    #......
b - Sticks to Snakes      Tmut           #.......     19%         2    ###....
c - Spider Form           Tmut/Pois      #.........   45%         3    ###....

Your spell library contained the following spells:

 Spells                   Type           Power        Failure   Level  Hunger
 Ice Form                 Ice/Tmut       #.......     86%         4    #####..
 Blade Hands              Tmut           #.........   98%         5    ######.


Dungeon Overview and Level Annotations

Branches:
Dungeon (3/15)

Altars:
Trog
Yredelemnul

Annotations:
D:2 2 transporters


Innate Abilities, Weirdness & Mutations

Your plain brown scales are hard. (AC +5)
You cannot fit into any form of body armour.
You are cold-blooded and may be slowed by cold attacks.


Message History

There is a stone staircase leading up here.
The worker ant barely misses you. x2
You climb upwards.
Level annotation: 2 transporters You feel sick.
There is a stone staircase leading down here.
The worker ant closely misses you.
You see here a +0 spear.
You completely miss the worker ant.
The worker ant is almost dead.
The worker ant bites you.
* * * LOW HITPOINT WARNING * * *
You are lethally poisoned!
The worker ant poisons you!
You hit the worker ant but do no damage.
You drain the worker ant.
Your tail-slap misses the worker ant.
The worker ant is almost dead.
* * * LOW HITPOINT WARNING * * *
You feel sick. The worker ant bites you.
You die...

#..##.# #.# #### #..##.# #.#
#..##.# #.# #<.##.# #.# #..##.#
#.# ......# #.# #..#### #.#
....###########.#######
#.....................#
#...#.####.##########.#
.........(......@a###.###########
##.##.####..####>................
...##.# #..# ##.###.###########
#####.# #..# #.# #.# #.####..#
#.###.#
#.......#####.....###########
######.......................
########################


You could see a worker ant (drained).

Vanquished Creatures
  3 gnolls
  An ooze (D:1)
  An adder skeleton (D:3)
  A dart slug (D:2)
  7 orcs
  7 bats
  A giant cockroach (D:3)
  4 goblins
  3 hobgoblins
  A quokka (D:2)
  5 frilled lizards
  9 kobolds
  4 rats
47 creatures vanquished.

Vanquished Creatures (collateral kills)
  A leopard gecko (D:1)
  A goblin (D:1)
  A rat (D:1)
3 creatures vanquished.

Grand Total: 50 creatures vanquished

Notes
Turn   | Place    | Note
-------+----------+-------------------------------------------
     0 | D:1      | bli the Draconian Transmuter began the quest for the Orb.
     0 | D:1      | Reached XP level 1. HP: 16/16 MP: 3/3
   262 | D:1      | Reached XP level 2. HP: 23/23 MP: 3/5
   395 | D:1      | Learned a level 2 spell: Sticks to Snakes
  1130 | D:2      | Found a transporter.
  1131 | D:2      | Noticed an ice beast
  1133 | D:2      | Noticed a crimson imp
  1142 | D:2      | Found a transporter.
  1143 | D:2      | Noticed a phantom
  1143 | D:2      | Noticed a wight
  1152 | D:2      | Found a basalt altar of Yredelemnul.
  1386 | D:2      | Found a bloodstained altar of Trog.
  1510 | D:2      | Reached skill level 4 in Unarmed Combat
  1850 | D:2      | Reached XP level 3. HP: 24/28 MP: 4/6
  1856 | D:2      | Learned a level 3 spell: Spider Form
  2359 | D:3      | Reached XP level 4. HP: 28/35 MP: 2/7
  2682 | D:2      | Slain by a worker ant

Illustrated notes

Levels and vault maps discovered:
D:1:      ebering_trefoil_twist, layout_loops_corners
D:2:      layout_loops_ring, bloody_trog, gammafunk_temple_overflow_arena
D:3:      cheibrodos_old_hovel, layout_basic, first_ration, moated_statue

Skill      XL: |  1  2 |
---------------+-------+-----
Unarmed Combat | 4 |  4.3
Dodging        | 2 |  2.3
Fighting       | |  1.3
Spellcasting   | |  2.7
Transmutations | |  2.0

Action                   |  1- 3 |  4- 6 || total
-------------------------+-------+-------++-------
Melee: Unarmed           |    29 |       ||    29
       Tailslap          |     8 |     1 ||     9
       Dagger            |    77 |    17 ||    94
       Headbutt          |     7 |       ||     7
       Kick              |     1 |       ||     1
Throw: Dart              |       |     4 ||     4
 Cast: Beastly Appendage |    15 |     1 ||    16
       Sticks to Snakes  |     3 |     3 ||     6
 Stab: Sleeping          |     1 |       ||     1
  Eat: Chunk             |     5 |     1 ||     6
Armor: Skin              |    24 |     9 ||    33
Dodge: Dodged            |    76 |    15 ||    91
